 Dungeon Crawl Stone Soup version 0.30-a0-800-g7c544603b3 (webtiles) character file.

Game seed: 4237123046637019898

1659 retardedninja the Shield-Bearer (level 8, -4/73 HPs)
             Began as a Minotaur Fighter on Feb 22, 2023.
             Was an Initiate of Gozag.
             Splashed by a jelly's acid (10 damage)
             ... on level 5 of the Dungeon on Feb 23, 2023.
             The game lasted 00:07:35 (5483 turns).

retardedninja the Shield-Bearer (Minotaur Fighter)  Turns: 5483, Time: 00:07:35

Health: -4/73      AC: -1    Str: 22    XL:     8   Next: 68%
Magic:  7/7        EV:  7    Int:  5    God:    Gozag
Gold:   212        SH:  5    Dex: 11    Spells: 7/7 levels left

rFire   . . .      SeeInvis .    a - +0 war axe
rCold   . . .      Faith    .    c - +0 buckler
rNeg    . . .      Spirit   .    f - +0 chain mail
rPois   .          Reflect  .    (helmet restricted)
rElec   .          Harm     .    (no cloak)
rCorr   .          Rampage  .    (no gloves)
Will    .....                    z - +2 pair of boots Stlth
                                 (no amulet)
HPRegen 0.32/turn                i - ring of flight
MPRegen 0.10/turn                (no ring)

@: brilliant, corroded, flying, hasted, very quick
A: horns 2, retaliatory headbutt
a: Renounce Religion, Potion Petition, Call Merchant, Bribe Branch


You were on level 5 of the Dungeon.
You worshipped Gozag.
Gozag was aware of your devotion.
You visited 2 branches of the dungeon, and saw 7 of its levels.

You collected 507 gold pieces.
You spent 214 gold pieces at shops.
You paid 81 gold pieces to Gozag.

Inventory:

Hand Weapons
 a - a +0 war axe (weapon)
Armour
 c - a +0 buckler (worn)
 f - a +0 chain mail (worn)
 z - a +2 pair of boots (worn)
Jewellery
 i - a ring of flight (left hand)
 s - a ring of see invisible
Wands
 x - a wand of flame (13)
Scrolls
 d - a scroll of magic mapping {unknown}
 e - a scroll of fog {unknown}
 k - a scroll of teleportation {unknown}
 o - a scroll of silence {unknown}
 q - a scroll of blinking {unknown}
 r - a scroll of enchant weapon {unknown}
 u - a scroll of amnesia {unknown}
 v - a scroll of enchant armour {unknown}
 w - a scroll of torment {unknown}
 y - a scroll of noise {unknown}
Potions
 g - 2 potions of curing
 h - 2 potions of lignification
 j - 2 potions of degeneration
 l - 2 potions of mutation
 m - a potion of attraction


   Skills:
 + Level 7.5 Fighting
 + Level 7.0 Axes
 + Level 7.5 Armour
 + Level 7.6 Shields


You had 7 spell levels left.
You didn't know any spells.
Your spell library contained the following spells:

 Spells                   Type           Power      Damage    Failure   Level
 Magic Dart               Conj           0%         1d3       99%         1
 Call Imp                 Summ           0%         N/A       100%        2
 Cigotuvi's Dreadful Rot  Necr/Pois/Air  0%         N/A       100%        2
 Poisonous Vapours        Pois/Air       0%         N/A       100%        2
 Mephitic Cloud           Conj/Pois/Air  0%         N/A       100%        3


Dungeon Overview and Level Annotations

Branches:
Dungeon (6/15)             Temple (1/1) D:6

Altars:
Elyvilon
Fedhas
Gozag
Hepliaklqana
Makhleb
Ru
Sif Muna
Trog
Uskayaw
Vehumet
Wu Jian
Xom
Yredelemnul

Shops:
D:6 ([*[[*

Annotations:
D:5 Eustachio, Grinder


Innate Abilities, Weirdness & Mutations

You have a pair of horns on your head.
You reflexively headbutt those who attack you in melee.


Message History

The river rat is almost dead.
You hit the jelly but do no damage. The acid corrodes you!
Your hands burn!
The river rat bites you but does no damage.
The jelly hits you but does no damage.
You barely miss the river rat. Your headbutt misses the river rat.
The river rat is almost dead.
You hit the jelly but do no damage.
Your hands burn!
The river rat bites you but does no damage.
The jelly hits you. The acid corrodes you!
You are splashed with acid!
Eustachio mumbles some strange words.
Eustachio blinks!
The river rat bites you.
You closely miss the river rat.
The river rat is almost dead.
You completely miss the jelly.
Grinder blinks!
The jelly hits you.
You are splashed with acid!
* * * LOW HITPOINT WARNING * * *
The river rat bites you.
* * * LOW HITPOINT WARNING * * *
You barely miss the river rat. Your headbutt misses the river rat.
The river rat is almost dead.
You slash the jelly!
Your hands burn!
* * * LOW HITPOINT WARNING * * *
You block the jelly's attack.
The river rat bites you but does no damage.
You feel better. The jelly hits you but does no damage.
It was a potion of flight.
You feel more buoyant. The jelly hits you.
* * * LOW HITPOINT WARNING * * *
The acid corrodes you!
You are splashed with acid!
* * * LOW HITPOINT WARNING * * *
It was a potion of haste.
You feel yourself speed up. You block the jelly's attack.
It was a potion of brilliance.
You feel clever all of a sudden. The jelly hits you.
* * * LOW HITPOINT WARNING * * *
The acid corrodes you!
You are splashed with acid!
You die...
Your body crumbles into a pile of gold.

.......# #.........
..r....## #.########
.(.J....####.#
...$......##.#
....ยง..##....#
.......####..##
...$..r@.r....#
.......####$#r##########
######## #@r5rJ@.......
##############


You could see Eustachio, a jelly, an iron imp (summoned), a river rat
(summoned), a quokka (summoned) and a rat (summoned).

Vanquished Creatures
  Pikel (D:6)
  Prince Ribbit (D:6)
  An ice beast (D:5)
  2 ogres
  2 lemures (D:6)
  Blork the orc (D:6)
  3 bullfrogs (D:6)
  A scorpion (D:4)
  2 hounds
  3 orc priests (D:6)
  An orc wizard (D:6)
  2 iguanas
  4 gnolls (D:6)
  9 adders
  A white imp (D:6)
  2 worms
  4 dart slugs
  15 orcs
  5 endoplasms
  4 giant cockroaches
  11 goblins
  6 hobgoblins
  8 kobolds
  A quokka (D:2)
  10 ball pythons
  5 bats
  4 frilled lizards
  9 rats
118 creatures vanquished.

Vanquished Creatures (others)
  4 plants (D:1)
4 creatures vanquished.

Grand Total: 122 creatures vanquished

Notes
Turn   | Place    | Note
-------+----------+-------------------------------------------
     0 | D:1      | retardedninja the Minotaur Fighter began the quest for the
                  | Orb.
     0 | D:1      | Reached XP level 1. HP: 19/19 MP: 0/0
   206 | D:1      | Reached XP level 2. HP: 27/27 MP: 1/1
   409 | D:1      | Found a faded altar of an unknown god.
   998 | D:2      | Reached XP level 3. HP: 33/33 MP: 2/2
  1536 | D:2      | Reached XP level 4. HP: 33/40 MP: 3/3
  2234 | D:3      | Identified the +6 leather armour "Trusted Companion"
                  | {Str+5}
  2769 | D:4      | Reached XP level 5. HP: 47/47 MP: 4/4
  2838 | D:4      | Noticed an ogre
  2847 | D:4      | Reached skill level 5 in Shields
  2849 | D:4      | Killed an ogre
  2850 | D:4      | Reached skill level 5 in Fighting
  2850 | D:4      | Reached skill level 5 in Armour
  2850 | D:4      | Reached XP level 6. HP: 41/56 MP: 5/5
  3462 | D:4      | You are sucked into a shaft and drop 2 floors!
  3486 | D:6      | Identified the +0 halberd of Experimentation {chaos, rElec
                  | rC+ Int-3}
  3505 | D:6      | Noticed a water moccasin
  3515 | D:6      | Noticed Pikel
  3520 | D:6      | Found a staircase to the Ecumenical Temple.
  3533 | D:6      | Killed Pikel
  3534 | D:6      | Reached skill level 5 in Axes
  3534 | D:6      | Reached XP level 7. HP: 52/63 MP: 6/6
  3546 | Temple   | Entered the Ecumenical Temple
  3550 | Temple   | Became a worshipper of Gozag Ym Sagoz the Greedy
  3764 | D:6      | Noticed Prince Ribbit
  3792 | D:6      | Killed Prince Ribbit
  3793 | D:6      | Reached XP level 8. HP: 62/71 MP: 7/7
  3992 | D:5      | Entered Level 5 of the Dungeon
  4114 | D:5      | Noticed Eustachio
  4116 | D:5      | Noticed Grinder
  4990 | D:6      | Found Olaliext's Armour Boutique.
  4991 | D:6      | Found Jessousa's Assorted Antiques.
  4991 | D:6      | Noticed Blork the orc
  4992 | D:6      | Found Kukk's General Store.
  4992 | D:6      | Found Wadd's Armour Shoppe.
  4992 | D:6      | Found Cyam's Armour Emporium.
  4992 | D:6      | Found Lozocapt's Weapon Boutique.
  5045 | D:6      | Bought a +2 pair of boots for 214 gold pieces
  5088 | D:6      | Killed Blork the orc
  5483 | D:5      | Splashed by a jelly's acid

Illustrated notes

Levels and vault maps discovered:
D:1:      tarquinn_simple_flora_water_c, layout_basic, basic_ecumenical_altar,
          amethyst_killhole
D:2:      minmay_spotlight, layout_basic
D:3:      layout_loops_ring, minmay_misc_feat_hallway
D:4:      nicolae_cairo_tiling_large_dashed, layout_layer_cave
D:5:      layout_basic, uniq_grinder, uniq_eustachio, uniq_menkaure
D:6:      layout_gridville, minmay_temple_entry_glass, serial_co_window_serial,
          co_window_paths_a, co_window_paths_a, co_window_paths_b,
          co_window_corner_a, co_window_corner_a, co_window_paths_b,
          co_window_of_opportunity_a, co_window_of_opportunity_b,
          co_window_corner_b, co_window_corner_b, co_window_corner_ca,
          co_window_unsneaky_path_e, co_window_sun, co_window_4corner_a,
          nicolae_wooded_promenade, abandoned_shop, nicolae_fountain_basement,
          uniq_blork_the_orc, uniq_pikel, uniq_prince_ribbit1
Temple:   dpeg_three_leaves_temple

Skill      XL: |  1  2  3  4  5  6  7  8 |
---------------+-------------------------+-----
Armour         | 4 5 6 7 |  7.5
Shields        | 4 5 6 7 |  7.6
Fighting       | 4 5 6 7 |  7.5
Axes           | 3 4 5 6 7 |  7.0

Action                     |  1- 3 |  4- 6 |  7- 9 || total
---------------------------+-------+-------+-------++-------
  Melee: War axe           |    81 |    82 |   100 ||   263
         Headbutt          |    10 |     9 |    12 ||    31
  Evoke: Wand              |       |     5 |     7 ||    12
    Use: Potion            |     1 |     1 |     6 ||     8
         Scroll            |       |     5 |       ||     5
 Armour: Scale mail        |     2 |       |       ||     2
         Chain mail        |    44 |    45 |    59 ||   148
  Dodge: Dodged            |    25 |    33 |    32 ||    90
  Block: Buckler           |    20 |    22 |    32 ||    74

Table legend: (Time is in decaauts)
 A = Elapsed time spent in this place.
 B = Non-inter-level travel time spent in this place.
 C = Inter-level travel time spent in this place.
 D = Time resting spent in this place.
 E = Time spent auto-exploring this place.
 F = Levels seen in this place.
 G = Mean time per level.
                   A        B        C        D        E       F      G
               +--------+--------+--------+--------+--------+-----+--------+
         Total |   5562 |   5386 |    176 |    782 |   3648 |   7 |  794.6 |
       Dungeon |   5553 |   5377 |    176 |    782 |   3648 |   6 |  925.5 |
        Temple |      8 |      8 |      0 |      0 |      0 |   1 |    8.0 |
               +--------+--------+--------+--------+--------+-----+--------+

Top non-repeatable levels by time:
     D:6: 1851 daAuts
     D:2: 1095 daAuts
     D:1: 994 daAuts
     D:3: 725 daAuts
     D:4: 706 daAuts
     D:5: 181 daAuts
  Temple: 8 daAuts
